 Dungeon Crawl Stone Soup version 0.26-a0-771-g060e6a62af (webtiles) character file.

Game seed: 9266990349016129086

65 somkeydreadnuts the Firebug (level 3, -6/19 HPs)
             Began as a Deep Elf Fire Elementalist on Nov 8, 2020.
             Killed from afar by an orc wizard (9 damage)
             ... with a puff of flame
             ... on level 2 of the Dungeon.
             The game lasted 00:07:14 (2179 turns).

somkeydreadnuts the Firebug (DEFE)                  Turns: 2179, Time: 00:07:15

Health: -6/19      AC:  2    Str:  5    XL:     3   Next: 92%
Magic:  6/9        EV: 13    Int: 20    God:
Gold:   91         SH:  0    Dex: 15    Spells: 7/8 levels left

rFire    . . .     SeeInvis .   o - +0 hand axe
rCold    . . .     Faith    .   (no shield)
rNeg     . . .     Spirit   .   a - +0 robe
rPois    .         Reflect  .   (no helmet)
rElec    .         Harm     .   (no cloak)
rCorr    .         Rampage  .   (no gloves)
MR       .....                  (no boots)
Stlth    +.........             (no amulet)
HPRegen  0.06/turn              (no ring)
MPRegen  0.11/turn              (no ring)

@: confused
A: no striking features
a: no special abilities


You were on level 2 of the Dungeon.
You visited 1 branch of the dungeon, and saw 3 of its levels.

You collected 91 gold pieces.

Inventory:

Hand Weapons
 k - a +0 dagger
 o - a +0 hand axe (weapon)
Armour
 a - a +0 robe (worn)
 m - a +0 pair of gloves
Jewellery
 p - a +6 ring of dexterity
Scrolls
 b - 6 scrolls of identify {unknown}
 c - a scroll of teleportation {unknown}
 h - a scroll of remove curse {unknown}
 i - a scroll of immolation {unknown}
 l - a scroll of noise {unknown}
 q - a scroll of amnesia {unknown}
Potions
 d - a potion of degeneration {unknown}
 e - 2 potions of lignification {unknown}
 f - a potion of heal wounds {unknown}
 g - a potion of might {unknown}
 j - a potion of attraction {unknown}
 n - a potion of haste {unknown}


   Skills:
 - Level 2.4 Dodging
 - Level 2.4 Stealth
 - Level 3.0 Spellcasting
 - Level 1.1 Conjurations
 + Level 5.3 Fire Magic


You had 7 spell levels left.
You knew the following spells:

 Your Spells              Type           Power        Failure   Level
a - Foxfire               Conj/Fire      ###.         3%          1

Your spell library contained the following spells:

 Spells                   Type           Power        Failure   Level
 Conjure Flame            Conj/Fire      ###.....     12%         3
 Inner Flame              Hex/Fire       ##......     14%         3
 Sticky Flame             Conj/Fire      ###.....     36%         4
 Fireball                 Conj/Fire      ###.......   71%         5


Dungeon Overview and Level Annotations

Branches:
Dungeon (3/15)

Altars:
Ashenzari


Message History

The orc wizard hits you but does no damage.
You hit the orc wizard.
The orc wizard is severely wounded.
The orc wizard gestures wildly while chanting.
The orc wizard flickers and vanishes!
Deactivating autopickup; reactivate with Ctrl-A.
You hit something but do no damage. Something hits you.
You barely miss something. Something hits you.
* * * LOW HITPOINT WARNING * * *
Something barely misses you.
You see here an orc corpse.
A puff of flame appears from out of thin air!
The puff of flame misses you.
A puff of flame appears from out of thin air!
The puff of flame misses you.
You are confused.
You bump into the rock wall.
A puff of flame appears from out of thin air!
The puff of flame hits you!
You die...

# ############
...........#
........##.######
#######.........##########
# ####......@...{>[..# #
######.########.# # #(#
#.# # #######.# #.# ###
#.......# #.# ..#
#.####### #.# #.# #.# #.#
#.# #.###### #.# #.#
#......# ##.#


There were no monsters in sight!

Vanquished Creatures
  An adder (D:2)
  2 dart slugs
  A leopard gecko (D:2)
  2 orcs (D:2)
  3 giant cockroaches
  3 goblins
  9 hobgoblins
  A ball python (D:1)
  5 bats
  3 frilled lizards
  10 kobolds (D:2)
  7 rats
47 creatures vanquished.

Vanquished Creatures (collateral kills)
  A foxfire (D:2)
1 creature vanquished.

Vanquished Creatures (others)
  118 foxfires
  9 plants (D:2)
127 creatures vanquished.

Grand Total: 175 creatures vanquished

Notes
Turn   | Place    | Note
-------+----------+-------------------------------------------
     0 | D:1      | somkeydreadnuts the Deep Elf Fire Elementalist began the
                  | quest for the Orb.
     0 | D:1      | Reached XP level 1. HP: 10/10 MP: 6/6
   240 | D:1      | Reached XP level 2. HP: 15/15 MP: 2/8
   246 | D:1      | Reached skill level 4 in Fire Magic
   813 | D:2      | Reached XP level 3. HP: 6/19 MP: 0/9
  1311 | D:2      | Reached skill level 5 in Fire Magic
  1438 | D:2      | Found a broken altar of Ashenzari.
  2179 | D:2      | Killed from afar by an orc wizard

Illustrated notes

Levels and vault maps discovered:
D:1:      matt_arrival_diagonals, layout_basic
D:2:      layout_loops_ring, lemuel_doored_altar, lexackson_kobold_supper
D:3:      layout_basic

Skill      XL: |  1  2  3 |
---------------+----------+-----
Fire Magic     | 4 5 |  5.3
Dodging        | |  2.4
Stealth        | |  2.4
Spellcasting   | |  3.0
Conjurations   | |  1.1

Action                   || total
-------------------------++-------
Melee: Unarmed           ||    19
       Hand axe          ||    12
       Dagger            ||     1
 Cast: Foxfire           ||    75
Armor: Robe              ||     8
Dodge: Dodged            ||    38

Table legend: (Time is in decaauts)
 A = Elapsed time spent in this place.
 B = Non-inter-level travel time spent in this place.
 C = Inter-level travel time spent in this place.
 D = Time resting spent in this place.
 E = Time spent auto-exploring this place.
 F = Levels seen in this place.
 G = Mean time per level.
                   A        B        C        D        E       F      G
               +--------+--------+--------+--------+--------+-----+--------+
         Total |   2182 |   2182 |      0 |      0 |   1618 |   3 |  727.3 |
       Dungeon |   2182 |   2182 |      0 |      0 |   1618 |   3 |  727.3 |
               +--------+--------+--------+--------+--------+-----+--------+

Top non-repeatable levels by time:
     D:2: 1435 daAuts
     D:1: 737 daAuts
     D:3: 10 daAuts
